 Dungeon Crawl Stone Soup version 0.28-a0-664-gc179e30c89 (webtiles) character file.

Game seed: 13080439771207134412

380 ytrimaz the Covered (level 7, 0/55 HPs)
             Began as a Formicid Fighter on Oct 16, 2021.
             Was an Initiate of Ashenzari.
             Slain by a centaur (2 damage)
             ... on level 5 of the Dungeon.
             The game lasted 00:07:49 (5961 turns).

ytrimaz the Covered (Formicid Fighter)              Turns: 5961, Time: 00:07:54

Health: 0/55       AC: 12    Str: 23    XL:     7   Next: 4%
Magic:  7/7        EV:  8    Int:  7    God:    Ashenzari [......]
Gold:   634        SH: 10    Dex: 10    Spells: 6/6 levels left

rFire   . . .      SeeInvis +   a - +1 long sword
rCold   + . .      Faith    .   m - +2 kite shield {AC+3}
rNeg    + . .      Spirit   .   p - +1 scale mail of Summer {rC+ rN+ Will+}
rPois   .          Reflect  .   (helmet unavailable)
rElec   .          Harm     .   (no cloak)
rCorr   .          Rampage  .   (no gloves)
Will    +....                   q - +0 pair of boots
Stlth   ..........              (no amulet)
HPRegen 0.18/turn               (no ring)
MPRegen 0.10/turn               (no ring)

@: no status effects
A: permanent stasis, dig shafts and tunnels, antennae 3, four strong arms
a: Dig, Shaft Self, Renounce Religion


You were on level 5 of the Dungeon.
You worshipped Ashenzari.
Ashenzari was noncommittal.
You visited 2 branches of the dungeon, and saw 6 of its levels.

You collected 1043 gold pieces.
You spent 409 gold pieces at shops.

Inventory:

Hand Weapons
 a - a +1 long sword (weapon)
 o - a +0 mace of holy wrath
Armour
 m - a +2 kite shield of protection (worn)
 p - the +1 scale mail of Summer (worn) {rC+ rN+ Will+}
   (You bought it in a shop on level 2 of the Dungeon)

   rC:        It protects you from cold.
   rN:        It protects you from negative energy.
   Will:      It increases your willpower.
 q - a +0 pair of boots (worn)
Wands
 i - a wand of acid (8)
 n - a wand of polymorph (14)
Scrolls
 b - a scroll of summoning
 c - a scroll of amnesia
 j - 2 scrolls of fear
Potions
 h - 2 potions of flight


   Skills:
 + Level 4.4 Fighting
 + Level 4.2 Long Blades
 * Level 6.1 Armour
 * Level 3.6 Shields


You had 6 spell levels left.
You didn't know any spells.
Your spell library contained the following spells:

 Spells                   Type           Power      Damage    Failure   Level
 Ensorcelled Hibernation  Hex/Ice        0%         N/A       99%         2
 Scorch                   Fire           0%         2d5       99%         2
 Slow                     Hex            0%         N/A       99%         2
 Confusing Touch          Hex            0%         N/A       100%        3
 Ignite Poison            Fire/Tmut/Pois 0%         N/A       100%        3
 Mephitic Cloud           Conj/Pois/Air  0%         N/A       100%        3
 Spider Form              Tmut/Pois      0%         N/A       100%        3
 Vampiric Draining        Necr           0%         2d6       100%        3
 Flame Wave               Conj/Fire      0%         3d3       100%        4
 Freezing Cloud           Conj/Ice/Air   0%         6-21      100%        5
 Dispersal                Tloc           0%         N/A       100%        6
 Summon Cactus Giant      Summ           0%         N/A       100%        6
 Disjunction              Tloc           0%         N/A       100%        8
 Chain Lightning          Conj/Air       0%         N/A       100%        9
 Fire Storm               Conj/Fire      0%         5d1       100%        9
 Shatter                  Erth           0%         3d5*      100%        9


Dungeon Overview and Level Annotations

Branches:
Dungeon (5/15)             Temple (1/1) D:4

Altars:
Ashenzari
Cheibriados
Elyvilon
Fedhas
Gozag
Kikubaaqudgha
Makhleb
Nemelex Xobeh
Okawaru
Qazlal
Ru
Uskayaw
Vehumet
Wu Jian
Xom
Yredelemnul
Zin
The Shining One

Shops:
D:2 [


Innate Abilities, Weirdness & Mutations

You cannot be hasted, slowed, berserked, paralysed or teleported.
You can dig through walls and to a lower floor.
You have a pair of large antennae on your head. (SInv)
Your four strong arms can wield two-handed weapons with a shield.


Message History

Press: ? - help, v - describe, . - travel
Here: a centaur, quivering arrows (moderately wounded)
The floor.
Unknown command.
Press: ? - help, v - describe, . - travel
Here: an ufetubus The floor, spattered with blood.
Unknown command.
You miss the ufetubus.
The centaur hits you but does no damage.
You block the centaur's attack.
The ufetubus hits you but does no damage. x2
The centaur hits you but does no damage.
The centaur kicks you but does no damage.
You block the ufetubus's attack.
The ufetubus hits you but does no damage.
You hit the ufetubus.
The ufetubus is lightly wounded.
The centaur hits you but does no damage.
The centaur kicks you but does no damage.
The ufetubus hits you.
* * * LOW HITPOINT WARNING * * *
You block the ufetubus's attack. The centaur hits you.
* * * LOW HITPOINT WARNING * * *
The centaur kicks you but does no damage.
The ufetubus hits you.
* * * LOW HITPOINT WARNING * * *
You block the ufetubus's attack.
You barely miss the ufetubus. The centaur barely misses you.
You block the centaur's attack.
The ufetubus hits you but does no damage.
You block the ufetubus's attack. The centaur barely misses you.
The centaur kicks you but does no damage.
The ufetubus hits you but does no damage. x2
Unknown command.
You hit the ufetubus.
The ufetubus is moderately wounded.
The centaur hits you but does no damage.
The centaur kicks you.
You die...

#........#
#...###..#
+...'....#
#...###..# #####
#...##...# .....
#.####...#......#
#........#......#
.#######.).c......#
.........#@#......#
########.#5#......#
#...#.......
###.#..(#.......
#......?.........
##.#.#....^......
#.#######..... #
$... ...


You could see a centaur and an ufetubus.

Vanquished Creatures
  A phantom (D:3)
  A scorpion (D:4)
  A jelly (D:5)
  Robin (D:4)
  8 adders
  4 gnolls
  An adder skeleton (D:4)
  2 worms
  The ghost of SirDiesAlot the Sneak, a weakling MiDe (D:4)
  2 dart slugs
  6 orcs
  4 bats
  6 endoplasms
  A giant cockroach (D:1)
  12 goblins
  8 hobgoblins
  4 kobolds
  A quokka (D:4)
  3 ball pythons
  8 frilled lizards
  3 rats
78 creatures vanquished.

Notes
Turn   | Place    | Note
-------+----------+-------------------------------------------
     0 | D:1      | ytrimaz the Formicid Fighter began the quest for the Orb.
     0 | D:1      | Reached XP level 1. HP: 18/18 MP: 1/1
   408 | D:1      | Reached XP level 2. HP: 24/24 MP: 2/2
   534 | D:1      | Found a faded altar of an unknown god.
  1334 | D:1      | Reached XP level 3. HP: 23/29 MP: 3/3
  1485 | D:1      | Reached skill level 4 in Armour
  1723 | D:2      | Found Taicviwoi's Armour Boutique.
  2075 | D:2      | Reached XP level 4. HP: 29/37 MP: 4/4
  2958 | D:4      | Reached XP level 5. HP: 29/42 MP: 5/5
  3220 | D:3      | Reached skill level 5 in Armour
  3294 | D:3      | Found a shimmering altar of Xom.
  3735 | D:3      | Noticed a phantom
  3748 | D:3      | Killed a phantom
  3749 | D:3      | Reached XP level 6. HP: 46/48 MP: 6/6
  4022 | D:4      | Found a large runed translucent door.
  4022 | D:4      | Found a large runed translucent door.
  4023 | D:4      | Noticed SirDiesAlot's ghost (weakling MiDe)
  4043 | D:4      | Killed SirDiesAlot's ghost
  4690 | D:4      | Noticed Robin
  4727 | D:4      | Killed Robin
  4728 | D:4      | Reached skill level 6 in Armour
  5080 | D:4      | Found a staircase to the Ecumenical Temple.
  5441 | Temple   | Entered the Ecumenical Temple
  5568 | Temple   | Became a worshipper of Ashenzari the Shackled
  5568 | Temple   | Identified 2 scrolls of acquirement
  5668 | D:4      | Acquired a +2 kite shield of protection
  5670 | D:4      | Acquired 870 gold pieces
  5746 | D:2      | Bought the +1 scale mail of Summer {rC+ rN+ Will+} for 360
                  | gold pieces
  5746 | D:2      | Bought a +0 pair of boots for 49 gold pieces
  5815 | D:5      | Entered Level 5 of the Dungeon
  5864 | D:5      | Reached XP level 7. HP: 50/55 MP: 7/7
  5959 | D:5      | HP: 1/55 [ufetubus (2)]
  5961 | D:5      | Slain by a centaur

Illustrated notes

Levels and vault maps discovered:
D:1:      dpeg_arrival_another_circle, layout_basic,
          hellmonk_ecumenical_altar_zigzags, grunt_decor_cap
D:2:      layout_loops_ring, serial_co_window_serial, co_window_paths_a,
          co_window_of_opportunity_a, co_window_paths_a, co_window_paths_a,
          co_window_paths_a, co_window_corner_cb, co_window_paths_c,
          co_window_corner_cb, co_window_corner_b, co_window_2corner,
          glass_columns_b, glass_columns_c, glass_columns_b, glass_columns_a,
          serial_shops, shop
D:3:      layout_rooms, mainiacjoe_overflow_alcove_2, grunt_decor_mini_mirrors,
          kennysheep_generic_room_15
D:4:      layout_cave_pools, minmay_temple_entry_offerings,
          serial_co_window_serial, co_window_corner_a, co_window_paths_b,
          co_window_of_opportunity_a, co_window_of_opportunity_a,
          co_window_paths_b, co_window_of_opportunity_a, co_window_corner_a,
          co_window_paths_a, co_window_of_opportunity_a, co_window_cross_2,
          co_window_corner_b, co_window_corner_b, co_window_broadway_b,
          co_window_broadway_c, co_window_broadway_b, glass_columns_b,
          glass_columns_a, glass_columns_a, ebering_ghost_disaster_area,
          uniq_robin, uniq_crazy_yiuf_cottage
D:5:      minmay_angry_zag, layout_basic
Temple:   minmay_crystal_spiral_temple

Skill      XL: |  1  2  3  4  5  6 |
---------------+-------------------+-----
Armour         | 4 5 6 |  6.1
Long Blades    | 3 4 |  4.2
Fighting       | 4 |  4.4
Shields        | |  3.6

Action                   |  1- 3 |  4- 6 |  7- 9 || total
-------------------------+-------+-------+-------++-------
Melee: Long sword        |    69 |   171 |    12 ||   252
  Use: Potion            |       |     1 |     1 ||     2
       Scroll            |       |     3 |       ||     3
Armor: Scale mail        |    29 |    17 |    31 ||    77
       Chain mail        |       |    87 |       ||    87
Dodge: Dodged            |    25 |    93 |    16 ||   134
Block: Buckler           |    15 |    58 |       ||    73
       Kite shield       |       |     1 |    23 ||    24

Table legend: (Time is in decaauts)
 A = Elapsed time spent in this place.
 B = Non-inter-level travel time spent in this place.
 C = Inter-level travel time spent in this place.
 D = Time resting spent in this place.
 E = Time spent auto-exploring this place.
 F = Levels seen in this place.
 G = Mean time per level.
                   A        B        C        D        E       F      G
               +--------+--------+--------+--------+--------+-----+--------+
         Total |   6028 |   5683 |    345 |    507 |   4275 |   6 | 1004.7 |
       Dungeon |   5813 |   5554 |    259 |    507 |   4172 |   5 | 1162.6 |
        Temple |    214 |    128 |     86 |      0 |    103 |   1 |  214.0 |
               +--------+--------+--------+--------+--------+-----+--------+

Top non-repeatable levels by time:
     D:4: 1768 daAuts
     D:1: 1671 daAuts
     D:2: 1318 daAuts
     D:3: 904 daAuts
  Temple: 214 daAuts
     D:5: 151 daAuts
